 Dungeon Crawl Stone Soup version 0.27.0-1-g7a089689b8 (webtiles) character file.

Game seed: 11345582822758418139

989 Spectrina the Covert (level 7, 0/40 HPs)
             Began as a Deep Elf Monk on Aug 2, 2021.
             Succumbed to a killer bee's poison
             ... on level 6 of the Dungeon.
             The game lasted 00:17:40 (2006 turns).

Spectrina the Covert (Deep Elf Monk)                Turns: 2006, Time: 00:17:41

Health: 0/40       AC:  4    Str:  8    XL:     7   Next: 98%
Magic:  13/13      EV: 13    Int: 17    God:
Gold:   173        SH:  4    Dex: 17    Spells: 5/11 levels left

rFire    . . .     SeeInvis .   d - +1 demon whip (venom)
rCold    . . .     Faith    .   q - +0 buckler
rNeg     . . .     Spirit   .   b - +0 robe
rPois    .         Reflect  .   (no helmet)
rElec    .         Harm     .   c - +0 cloak
rCorr    +         Rampage  .   (no gloves)
Will     +....                  u - +0 pair of boots
Stlth    +++++.....             m - amulet of regeneration
HPRegen  1.13/turn              n - ring of resist corrosion
MPRegen  0.13/turn              r - ring of willpower

@: mighty, lethally poisoned (0 -> -3), flying
A: no striking features
a: no special abilities


You were on level 6 of the Dungeon.
You visited 1 branch of the dungeon, and saw 6 of its levels.

You collected 173 gold pieces.

Inventory:

Hand Weapons
 a - a +0 short sword
 d - a +1 demon whip of venom (weapon)
Missiles
 e - 34 arrows
 f - 84 sling bullets
 j - 83 stones
 t - 6 javelins (quivered)
 x - 5 boomerangs
Armour
 b - a +0 robe (worn)
 c - a +0 cloak (worn)
 q - a +0 buckler (worn)
 u - a +0 pair of boots (worn)
Jewellery
 m - an amulet of regeneration (around neck)
 n - a ring of resist corrosion (left hand)
 r - a ring of willpower (right hand)
Wands
 h - a wand of acid (3)
 l - a wand of polymorph (6)
 w - a wand of paralysis (8)
Scrolls
 i - 2 scrolls of blinking {unknown}
 k - 2 scrolls of enchant armour {unknown}
 s - a scroll of identify {unknown}
Potions
 g - a potion of might
 o - 2 potions of flight
 p - a potion of brilliance {unknown}
 v - a potion of curing {unknown}


   Skills:
 - Level 2.4 Fighting
 - Level 3.0 Short Blades
 - Level 3.6 Dodging
 + Level 10.9 Stealth
 + Level 2.9 Spellcasting
 * Level 3.0 Translocations


You had 5 spell levels left.
You knew the following spells:

 Your Spells              Type           Power      Damage    Failure   Level
b - Lesser Beckoning      Tloc           6%         N/A       26%         3
j - Teleport Other        Tloc           12%        N/A       26%         3

Your spell library contained the following spells:

 Spells                   Type           Power      Damage    Failure   Level
 Gell's Gravitas          Tloc           6%         N/A       26%         3
 Dispersal                Tloc           6%         N/A       100%        6


Dungeon Overview and Level Annotations

Branches:
Dungeon (6/15)
 Temple: D:4-7

Altars:

Shops:
D:3 (   D:4 [

Annotations:
D:5 Eustachio


Message History

You are poisoned.
The killer bee poisons you! The killer bee stings you.
Unknown command.
You feel sick. The killer bee barely misses you.
You barely miss the killer bee.
You feel sick. The killer bee stings you.
You are more poisoned.
The killer bee poisons you! The killer bee barely misses you.
The killer bee closely misses you.
Unknown command.
You barely miss the killer bee.
You feel very sick. The killer bee stings you.
You are more poisoned.
The killer bee poisons you! You block the killer bee's attack.
You hit the killer bee.
The killer bee is poisoned.
The killer bee is moderately wounded.
You feel very sick.
The killer bee stings you but does no damage.
The killer bee completely misses you. The killer bee stings you!
* * * LOW HITPOINT WARNING * * *
You feel very sick. You block the killer bee's attack.
You feel sick. The killer bee stings you.
* * * LOW HITPOINT WARNING * * *
You are lethally poisoned!
The killer bee poisons you!
It was a potion of flight.
You feel very buoyant.
You fly up into the air.
* * * LOW HITPOINT WARNING * * *
You feel very sick.
You kill the killer bee!
Your Translocations skill increases to level 3!
Unknown command.
Okay, then.
Unknown command.
Unknown command.
It was a potion of might.
You feel very mighty all of a sudden.
You die...

#5 ##.#### .......
....... ..5....
.......
.......###############
.).........o@........#
.......#############)#
....... #.# .......
#####.# .......
#.....# .......
#)##### .....(. #.#
....... #.# #.#


You could see an orc.

Vanquished Creatures
  Pikel (D:5)
  A necrophage (D:5)
  4 lemures (D:5)
  A killer bee (D:6)
  A howler monkey (D:6)
  3 hounds
  A bullfrog skeleton (D:6)
  A centaur skeleton (D:5)
  3 iguanas
  An orc wizard (D:5)
  A hound zombie (D:5)
  A hound skeleton (D:4)
  An adder (D:6)
  6 gnolls
  2 ufetubi
  An adder zombie (D:5)
  An adder skeleton (D:4)
  A worm (D:5)
  A dart slug (D:5)
  7 orcs
  2 ball pythons (D:3)
  A goblin (D:4)
  A hobgoblin (D:4)
  2 quokkas
  A kobold (D:4)
46 creatures vanquished.

Notes
Turn   | Place    | Note
-------+----------+-------------------------------------------
     0 | D:1      | Spectrina the Deep Elf Monk began the quest for the Orb.
     0 | D:1      | Reached XP level 1. HP: 13/13 MP: 3/3
    22 | D:3      | Found Kunoqoh's Antique Weapon Shoppe.
   131 | D:4      | Reached skill level 3 in Stealth
   136 | D:5      | Entered Level 5 of the Dungeon
   136 | D:5      | Noticed Eustachio
   149 | D:4      | Noticed a hound
   269 | D:4      | Reached skill level 4 in Stealth
   269 | D:4      | Reached XP level 2. HP: 14/18 MP: 4/4
   328 | D:4      | Noticed an ogre
   415 | D:5      | Reached skill level 5 in Stealth
   415 | D:5      | Reached XP level 3. HP: 17/22 MP: 5/5
   463 | D:5      | Noticed Pikel
   463 | D:5      | Noticed a lemure
   463 | D:5      | Noticed a lemure
   614 | D:4      | Reached XP level 4. HP: 9/27 MP: 6/6
   693 | D:5      | Noticed a lemure
   694 | D:5      | Noticed a lemure
   698 | D:5      | Killed a lemure
   699 | D:5      | Killed a lemure
   699 | D:5      | Killed a lemure
   699 | D:5      | Killed Pikel
   699 | D:5      | Killed a lemure
   700 | D:5      | Reached skill level 9 in Stealth
   700 | D:5      | Reached XP level 5. HP: 11/31 MP: 7/7
   700 | D:5      | Reached XP level 6. HP: 13/36 MP: 8/8
   731 | D:5      | Reached skill level 10 in Stealth
   731 | D:5      | Reached XP level 7. HP: 19/40 MP: 9/9
  1311 | D:4      | Found Kotodel's Armour Shop.
  1419 | D:5      | Learned a level 3 spell: Teleport Other
  1423 | D:5      | Learned a level 3 spell: Lesser Beckoning
  1502 | D:5      | Reached skill level 1 in Spellcasting
  1502 | D:5      | Reached skill level 1 in Translocations
  2005 | D:6      | HP: 1/40 [poisoned by a killer bee]
  2006 | D:6      | Succumbed to a killer bee's poison

Illustrated notes

Levels and vault maps discovered:
D:1:      dpeg_arrival_caged_fury, layout_loops_ring,
          chequers_ecumenical_altar_simple_redux
D:2:      layout_basic, uniq_sigmund
D:3:      layout_loops_ring, zin_statuary, serial_shops, nicolae_shop_stone,
          shop, nicolae_shop_behind_doors, nicolae_shop_behind_doors,
          minmay_misc_feat_tower
D:4:      layout_basic, serial_glass, glass_columns_b, glass_columns_c,
          glass_columns_c, glass_columns_a, glass_columns_a, glass_columns_a,
          glass_columns_b, glass_columns_b, serial_shops, shop
D:5:      layout_basic, uniq_grinder, uniq_eustachio, uniq_pikel
D:6:      layout_basic, temple_doors_e, uniq_maggie

Skill      XL: |  1  2  3  4  5  6  7 |
---------------+----------------------+-----
Stealth        | 4 5 9 10 | 10.9
Spellcasting   | 2 |  2.9
Translocations | 3 |  3.0
Fighting       | |  2.4
Short Blades   | |  3.0
Dodging        | |  3.6

Action                   |  1- 3 |  4- 6 |  7- 9 || total
-------------------------+-------+-------+-------++-------
Melee: Demon whip        |    27 |     7 |   105 ||   139
       Short sword       |    11 |       |     1 ||    12
Evoke: Wand              |       |     3 |     3 ||     6
  Use: Potion            |       |       |     2 ||     2
 Stab: Sleeping          |     4 |       |     9 ||    13
Armor: Robe              |     2 |       |    19 ||    21
Dodge: Dodged            |    27 |     5 |    68 ||   100
Block: Buckler           |       |       |    14 ||    14
